 Dungeon Crawl Stone Soup version 0.31-a0-889-g1a8549509d (webtiles) character file.

Game seed: 11302554158417991971

200 theanonym the Cudgeller (level 6, 53/53 HPs)
             Began as a Meteoran Fighter on Oct 16, 2023.
             Quit the game on level 4 of the Dungeon.
             The game lasted 00:04:58 (1656 turns).

theanonym the Cudgeller (Meteoran Fighter)          Turns: 1656, Time: 00:04:59

Health: 53/53      AC:  6    Str: 19    XL:     6   Next: 29%
Magic:  7/7        EV:  9    Int: 11    God:
Gold:   127        SH:  5    Dex: 13    Spells: 5/5 levels left

rFire   . . .        j - +0 flail (heavy)
rCold   . . .        c - +0 buckler
rNeg    . . .        b - +0 scale mail
rPois   .            (no helmet)
rElec   .            (no cloak)
rCorr   .            (no gloves)
SInv    .            (no boots)
Will    .....        (no amulet) Stlth
                     (no ring)
HPRegen 0.28/turn    (no ring)
MPRegen 0.10/turn

%: no passive effects
@: glowing
A: sense surroundings 1, otherworldly, glowing, explore regen
a: no special abilities


Innate Abilities, Weirdness & Mutations

You passively map a small area around you.
You are easily found by Zot.
You glow in the dark.
You regain HP and MP as you explore.


   Skills:
 + Level 4.6 Fighting
 * Level 6.1 Maces & Flails
 - Level 3.2 Armour
 + Level 3.8 Shields


You had 5 spell levels left.
You didn't know any spells.
Your spell library was empty.

Skill      XL: |  1  2  3  4  5  6 |
---------------+-------------------+-----
Maces & Flails | 3 4 5 6 |  6.1
Fighting       | 4 |  4.6
Armour         | |  3.2
Shields        | |  3.8

Action                     |  1- 3 |  4- 6 || total
---------------------------+-------+-------++-------
  Melee: Flail             |    81 |   138 ||   219
    Use: Potion            |     1 |       ||     1
         Scroll            |       |     1 ||     1
 Armour: Scale mail        |    49 |   122 ||   171
  Dodge: Dodged            |    37 |    89 ||   126
  Block: Buckler           |    21 |    42 ||    63

Inventory:

Hand Weapons
 j - a +0 heavy flail (weapon)
Missiles
 k - 2 throwing nets
Armour
 b - a +0 scale mail (worn)
 c - a +0 buckler (worn)
Scrolls
 d - a scroll of poison
 e - a scroll of blinking {unknown}
 f - a scroll of immolation {unknown}
 g - 2 scrolls of vulnerability {unknown}
 h - a scroll of teleportation {unknown}
 l - a scroll of amnesia {unknown}
 n - 4 scrolls of identify {unknown}
 o - a scroll of butterflies {unknown}
Potions
 a - a potion of brilliance {unknown}
 i - a potion of haste {unknown}
 m - a potion of attraction {unknown}


You were on level 4 of the Dungeon.
You visited 1 branch of the dungeon, and saw 4 of its levels.

You collected 127 gold pieces.

Dungeon Overview and Level Annotations

Branches:
Dungeon (4/15) Zot: 665
 Temple: D:4-7

Altars:

, * ,, ...####.., ,
* , ......... *
........# ,*
#....... ,,
*#.....# ,. ,
,###..... ..,
...###.#..####.. >
, #./....@........,
, ##.....#....###.
*##...##<.....#.#*,
.o....#.........# ,
,
o..l#...........#*
, , ,
....#.............
,..# ##>..........#
.. .............##
, , .<.............
,


You could see an iguana and 2 orcs.

Notes
Turn   | Place    | Note
-------+----------+-------------------------------------------
     0 | D:1      | theanonym the Meteoran Fighter began the quest for the Orb.
     0 | D:1      | Reached XP level 1. HP: 19/19 MP: 2/2
    58 | D:1      | Reached skill level 3 in Maces & Flails
    78 | D:1      | Reached XP level 2. HP: 26/26 MP: 3/3
   314 | D:1      | Reached XP level 3. HP: 28/33 MP: 4/4
   522 | D:2      | Reached skill level 4 in Maces & Flails
   713 | D:2      | HP: 15/33 [orc/+0 club (2)]
   718 | D:2      | HP: 10/33 [poisoned by an orc priest]
   719 | D:2      | Reached skill level 4 in Fighting
   719 | D:2      | Reached XP level 4. HP: 12/40 MP: 5/5
   859 | D:2      | Reached skill level 5 in Maces & Flails
   936 | D:2      | HP: 19/40 [jackal (2)]
   942 | D:2      | HP: 19/40 [jackal (2)]
  1021 | D:2      | Reached XP level 5. HP: 37/46 MP: 6/6
  1069 | D:2      | Glimpsed the power of Zot.
  1153 | D:3      | HP: 23/46 [adder (2)]
  1158 | D:3      | HP: 16/46 [poisoned by an adder]
  1290 | D:3      | HP: 20/47 [gnoll/+0 spear (4)]
  1566 | D:3      | Reached XP level 6. HP: 47/53 MP: 7/7
  1590 | D:3      | Noticed Natasha
  1595 | D:3      | Killed Natasha
  1596 | D:3      | Reached skill level 6 in Maces & Flails
  1627 | D:3      | Glimpsed the power of Zot.
  1656 | D:4      | Quit the game

Vanquished Creatures
  An orc priest (D:2)
  Natasha (D:3)
  4 gnolls (D:3)
  3 adders
  A worm (D:3)
  6 dart slugs
  7 orcs
  8 bats
  5 endoplasms
  A giant cockroach (D:1)
  3 goblins
  7 hobgoblins
  5 jackals
  4 kobolds
  2 ball pythons
  3 frilled lizards
  2 rats
63 creatures vanquished.

Table legend: (Time is in decaauts)
 A = Elapsed time spent in this place.
 B = Non-inter-level travel time spent in this place.
 C = Inter-level travel time spent in this place.
 D = Time resting spent in this place.
 E = Time spent auto-exploring this place.
 F = Levels seen in this place.
 G = Mean time per level.
                   A        B        C        D        E       F      G
               +--------+--------+--------+--------+--------+-----+--------+
         Total |   1734 |   1673 |     61 |    358 |    856 |   4 |  433.5 |
       Dungeon |   1734 |   1673 |     61 |    358 |    856 |   4 |  433.5 |
               +--------+--------+--------+--------+--------+-----+--------+

Top non-repeatable levels by time:
     D:2: 658 daAuts
     D:3: 589 daAuts
     D:1: 463 daAuts
     D:4: 22 daAuts
